 Dungeon Crawl Stone Soup version 0.31-a0-1370-gf52a5a9 (webtiles) character file.

Game seed: 3825986351874530319

470 OneMR the Digger (level 7, -4/51 HPs)
             Began as a Gnoll Earth Elementalist on Dec 23, 2023.
             Was an Initiate of Kikubaaqudgha.
             Slain by Menkaure (14 damage)
             ... on level 5 of the Dungeon.
             The game lasted 00:05:24 (4599 turns).

OneMR the Digger (Gnoll Earth Elementalist)         Turns: 4599, Time: 00:05:26

Health: -4/51      AC:  4    Str:  7    XL:     7   Next: 9%
Magic:  1/15       EV: 13    Int: 17    God:    Kikubaaqudgha [......]
Gold:   220        SH:  5    Dex: 12    Spells: 11/17 levels left

rFire   . . .        h - +2 hand axe (drain)
rCold   . . .        (no shield)
rNeg    . . .        a - +0 robe
rPois   .            (no helmet)
rElec   .            C - +0 cloak
rCorr   +            r - +0 pair of gloves
SInv    +            (no boots)
Will    .....        x - amulet of reflection
Stlth   +++          f - ring of resist corrosion
HPRegen 0.28/turn    D - ring of see invisible
MPRegen 0.14/turn

%: reflection
@: very slightly contaminated
A: fangs 1, strong nose, distributed training
a: Renounce Religion


You were on level 5 of the Dungeon.
You worshipped Kikubaaqudgha.
Kikubaaqudgha was noncommittal.
You visited 1 branch of the dungeon, and saw 5 of its levels.

You collected 220 gold pieces.

Inventory:

Hand Weapons
 h - a +2 hand axe of draining (weapon)
 E - a +2 war axe of venom
Missiles
 m - a throwing net
Armour
 a - a +0 robe (worn)
 r - a +0 pair of gloves (worn)
 C - a +0 cloak (worn)
Jewellery
 f - a ring of resist corrosion (left hand)
 x - an amulet of reflection (around neck)
 D - a ring of see invisible (right hand)
Scrolls
 c - 3 scrolls of brand weapon {unknown}
 d - 2 scrolls of enchant weapon {unknown}
 e - a scroll of revelation {unknown}
 g - 2 scrolls of identify {unknown}
 i - 4 scrolls of poison {unknown}
 j - a scroll of vulnerability {unknown}
 k - a scroll of noise {unknown}
 n - a scroll of fear {unknown}
 o - a scroll of amnesia {unknown}
 p - 2 scrolls of fog {unknown}
 u - a scroll of teleportation {unknown}
 y - 2 scrolls of immolation {unknown}
 A - a scroll of acquirement {unknown}
 B - a scroll of torment {unknown}
Potions
 b - a potion of magic
 l - a potion of curing {unknown}
 q - 3 potions of berserk rage {unknown}
 s - a potion of heal wounds {unknown}
 t - a potion of brilliance {unknown}
 v - a potion of degeneration {unknown}
 w - a potion of resistance {unknown}
 z - 2 potions of lignification {unknown}
 F - a potion of enlightenment {unknown}


   Skills:
 + Level 2.3 Fighting
 + Level 2.3 Short Blades
 + Level 2.3 Long Blades
 + Level 2.3 Axes
 + Level 2.3 Maces & Flails
 + Level 2.3 Polearms
 + Level 2.3 Staves
 + Level 2.3 Ranged Weapons
 + Level 2.3 Throwing
 + Level 2.3 Armour
 + Level 5.2 Dodging
 + Level 4.8 Stealth
 + Level 2.3 Shields
 + Level 2.3 Unarmed Combat
 + Level 5.5 Spellcasting
 + Level 1.9 Conjurations
 + Level 1.9 Hexes
 + Level 1.9 Summonings
 + Level 1.9 Necromancy
 + Level 1.9 Translocations
 + Level 1.9 Fire Magic
 + Level 1.9 Ice Magic
 + Level 1.9 Air Magic
 + Level 5.8 Earth Magic
 + Level 2.9 Alchemy
 + Level 2.6 Invocations
 + Level 2.3 Evocations
 + Level 2.1 Shapeshifting


You had 11 spell levels left.
You knew the following spells:

 Your Spells              Type           Power      Damage    Failure   Level
a - Sandblast             Erth           48%        2d12      1%          1
b - Stone Arrow           Conj/Erth      34%        3d9       9%          3
c - Passwall              Alch/Erth      15%        N/A       3%          2

Your spell library contained the following spells:

 Spells                   Type           Power      Damage    Failure   Level
 Necrotise                Necr           44%        1d6       6%          1
 Mephitic Cloud           Conj/Alch/Air  12%        N/A       16%         3
 Dazzling Flash           Conj/Hex       22%        N/A       19%         3
 Vampiric Draining        Necr           11%        2d6       19%         3
 Petrify                  Alch/Erth      19%        N/A       22%         4
 Brom's Barrelling Bould  Conj/Erth      17%        2d4       26%         4
 Agony                    Necr           11%        N/A       86%         5
 Silence                  Hex/Air        5%         N/A       86%         5


Dungeon Overview and Level Annotations

Branches:
Dungeon (5/15)             Temple (0/1) D:5

Altars:
Kikubaaqudgha
Ru

Annotations:
D:5 Menkaure


Innate Abilities, Weirdness & Mutations

You have very sharp teeth.
Your uncanny sense of smell can sniff out nearby items.
Your experience applies equally to all skills.


Message History

Aim: Menkaure (severely damaged, fast, 85% to hit)
The stone arrow hits Menkaure.
Menkaure is almost destroyed.
You hear an angry hiss.
Menkaure gestures at you while chanting.
You struggle to resist.
Casting: Stone Arrow (dangerous; 9% risk of failure)
Confirm with . or Enter, or press ? or * to list all spells.
Aiming: Stone Arrow (dangerous; 9% risk of failure)
Press: ? - help, Shift-Dir - straight line, f/p - Menkaure
Aim: Menkaure (almost destroyed, fast, 85% to hit)
The stone arrow misses Menkaure.
Menkaure points at you and mumbles some strange words.
Pain shoots through your body!
Unknown command.
Unknown command.
Casting: Stone Arrow (dangerous; 9% risk of failure)
Confirm with . or Enter, or press ? or * to list all spells.
Aiming: Stone Arrow (dangerous; 9% risk of failure)
Press: ? - help, Shift-Dir - straight line, f/p - Menkaure
Aim: Menkaure (almost destroyed, fast, 85% to hit)
You miscast Stone Arrow.
You are very lightly contaminated with residual magic.
Nothing appears to happen.
Unknown command.
Casting: Stone Arrow (dangerous; 9% risk of failure)
Confirm with . or Enter, or press ? or * to list all spells.
You don't have enough magic to cast this spell.
Unknown command.
Unknown command.
You barely miss Menkaure.
Menkaure is almost destroyed.
Menkaure hits you!
You hit Menkaure but do no damage.
Menkaure is almost destroyed.
Menkaure hits you!!
* * * LOW HITPOINT WARNING * * *
Menkaure hits you!
You die...
Kikubaaqudgha rasps: "You have failed me!
Welcome... death!"

...#...##......####.#
##.#.#.<.).......##.#
.....#.##.####.#.##.#
.##.##.##.# #.#.##.#
.##.##.##.# #....#.#
.##.##.##.# #..#.[.#
.##.##.##.# #....###
.##.##.##.# #.#.##
.##.##. #.# #.#@#
.#..# #.#.M....#
.#.## #.######## .#.#
#.# .... .. ...≈.
.#)≈# .≈≈~. ≈..#.≈


You could see Menkaure (fast).

Vanquished Creatures
  2 phantoms (D:4)
  2 hounds (D:5)
  An iguana (D:5)
  8 adders
  4 gnolls
  A shadow imp (D:5)
  2 bombardier beetles
  A dart slug (D:2)
  13 orcs
  6 bats
  6 endoplasms
  2 giant cockroaches
  11 goblins
  7 hobgoblins
  8 jackals
  5 kobolds
  7 quokkas
  A ball python (D:3)
  2 frilled lizards
  4 rats
93 creatures vanquished.

Notes
Turn   | Place    | Note
-------+----------+-------------------------------------------
     0 | D:1      | OneMR the Gnoll Earth Elementalist began the quest for the
                  | Orb.
     0 | D:1      | Reached XP level 1. HP: 13/13 MP: 6/6
   526 | D:1      | Reached XP level 2. HP: 19/19 MP: 4/7
  1234 | D:2      | Reached skill level 5 in Spellcasting
  1234 | D:2      | Reached XP level 3. HP: 23/25 MP: 7/9
  1239 | D:2      | Learned a level 3 spell: Stone Arrow
  1242 | D:2      | Learned a level 2 spell: Passwall
  1258 | D:2      | Reached skill level 1 in Invocations
  1445 | D:2      | Reached skill level 1 in Fighting
  1445 | D:2      | Reached skill level 1 in Short Blades
  1445 | D:2      | Reached skill level 1 in Long Blades
  1445 | D:2      | Reached skill level 1 in Axes
  1445 | D:2      | Reached skill level 1 in Maces & Flails
  1445 | D:2      | Reached skill level 1 in Polearms
  1445 | D:2      | Reached skill level 1 in Staves
  1445 | D:2      | Reached skill level 1 in Ranged Weapons
  1445 | D:2      | Reached skill level 1 in Throwing
  1445 | D:2      | Reached skill level 1 in Armour
  1445 | D:2      | Reached skill level 1 in Shields
  1445 | D:2      | Reached skill level 1 in Unarmed Combat
  1445 | D:2      | Reached skill level 1 in Evocations
  1599 | D:2      | Reached skill level 1 in Shapeshifting
  1599 | D:2      | Reached XP level 4. HP: 32/32 MP: 11/11
  2029 | D:2      | Reached skill level 1 in Conjurations
  2029 | D:2      | Reached skill level 1 in Hexes
  2029 | D:2      | Reached skill level 1 in Summonings
  2029 | D:2      | Reached skill level 1 in Necromancy
  2029 | D:2      | Reached skill level 1 in Translocations
  2029 | D:2      | Reached skill level 1 in Fire Magic
  2029 | D:2      | Reached skill level 1 in Ice Magic
  2029 | D:2      | Reached skill level 1 in Air Magic
  2386 | D:3      | Reached XP level 5. HP: 31/37 MP: 12/12
  2694 | D:3      | Found a sacrificial altar of Ru.
  2979 | D:4      | Noticed a phantom
  2986 | D:4      | Killed a phantom
  3055 | D:4      | Found an ancient bone altar of Kikubaaqudgha.
  3107 | D:4      | Became a worshipper of Kikubaaqudgha
  3222 | D:4      | Noticed a phantom
  3230 | D:4      | Killed a phantom
  3231 | D:4      | Reached skill level 5 in Dodging
  3231 | D:4      | Reached XP level 6. HP: 44/44 MP: 7/14
  3806 | D:5      | Entered Level 5 of the Dungeon
  4158 | D:5      | Found a staircase to the Ecumenical Temple.
  4283 | D:5      | Identified the +0 dagger of Mens Rea {drain, Dex+6}
  4365 | D:4      | Reached XP level 7. HP: 50/50 MP: 15/15
  4592 | D:5      | Noticed Menkaure
  4599 | D:5      | Slain by Menkaure

Illustrated notes

Levels and vault maps discovered:
D:1:      dpeg_arrival_water_fire, layout_basic, serial_corexii_hall,
          chequers_hall_statues_corner_a, corexii_hall_statues_i,
          chequers_hall_statues_wall_a, corexii_hall_statues_l,
          chequers_hall_statues_corner_a, corexii_hall_statues_x,
          minmay_close_crescents
D:2:      layout_loops_ring
D:3:      layout_loops_ring, nicolae_ru_sacrificial_ziggurat, st_stairs_9,
          dk_noncrumbling_3
D:4:      layout_loops_ring, kiku_gazebo_garden_becter,
          grunt_decor_mini_mirrors, grunt_decor_arrowhead, chequers_jeans,
          kennysheep_generic_room_10
D:5:      layout_loops_ring, minmay_temple_entry_sparse_star,
          chequers_serial_rivers_small_b, uniq_menkaure,
          uniq_crazy_yiuf_cottage, uniq_sigmund, uniq_grinder

Skill      XL: |  1  2  3  4  5  6 |
---------------+-------------------+-----
Alchemy        | 2 |  2.9
Spellcasting   | 5 |  5.5
Invocations    | 1 2 |  2.6
Fighting       | 1 2 |  2.3
Short Blades   | 1 2 |  2.3
Long Blades    | 1 2 |  2.3
Axes           | 1 2 |  2.3
Maces & Flails | 1 2 |  2.3
Polearms       | 1 2 |  2.3
Staves         | 1 2 |  2.3
Ranged Weapons | 1 2 |  2.3
Throwing       | 1 2 |  2.3
Armour         | 1 2 |  2.3
Shields        | 1 2 |  2.3
Unarmed Combat | 1 2 |  2.3
Evocations     | 1 2 |  2.3
Shapeshifting  | 1 2 |  2.1
Conjurations   | 1 |  1.9
Hexes          | 1 |  1.9
Summonings     | 1 |  1.9
Necromancy     | 1 |  1.9
Translocations | 1 |  1.9
Fire Magic     | 1 |  1.9
Ice Magic      | 1 |  1.9
Air Magic      | 1 |  1.9
Dodging        | 5 |  5.2
Stealth        | |  4.8
Earth Magic    | |  5.8

Action                     |  1- 3 |  4- 6 |  7- 9 || total
---------------------------+-------+-------+-------++-------
  Melee: Hand axe          |    11 |   133 |    15 ||   159
         Bite              |       |    11 |       ||    11
   Cast: Sandblast         |    27 |    14 |       ||    41
         Stone Arrow       |       |    11 |     4 ||    15
   Stab: Sleeping          |     2 |     7 |       ||     9
 Armour: Robe              |     9 |    74 |    11 ||    94
  Dodge: Dodged            |    18 |    99 |     9 ||   126
  Block: Other             |       |    21 |     5 ||    26

Table legend: (Time is in decaauts)
 A = Elapsed time spent in this place.
 B = Non-inter-level travel time spent in this place.
 C = Inter-level travel time spent in this place.
 D = Time resting spent in this place.
 E = Time spent auto-exploring this place.
 F = Levels seen in this place.
 G = Mean time per level.
                   A        B        C        D        E       F      G
               +--------+--------+--------+--------+--------+-----+--------+
         Total |   4656 |   4555 |    101 |    436 |   3421 |   5 |  931.2 |
       Dungeon |   4656 |   4555 |    101 |    436 |   3421 |   5 |  931.2 |
               +--------+--------+--------+--------+--------+-----+--------+

Top non-repeatable levels by time:
     D:4: 1232 daAuts
     D:1: 1229 daAuts
     D:2: 894 daAuts
     D:3: 870 daAuts
     D:5: 429 daAuts
